 Dungeon Crawl Stone Soup version 0.23.2-33-g5129a83184 (webtiles) character file.

Game seed: 17142783018417264766

84966 t4s4d4r the Pandemonic (level 15, -2/95 HPs)
             Began as a Gargoyle Earth Elementalist on July 1, 2019.
             Was a High Priest of Makhleb.
             Slain by a frost giant
             ... wielding a +2 battleaxe of freezing
              (6 damage)
             ... on level 15 of the Dungeon.
             The game lasted 01:15:35 (28279 turns).

t4s4d4r the Pandemonic (GrEE)                      Turns: 28279, Time: 01:15:37

Health: -2/95      AC: 32    Str: 11    XL:     15   Next: 82%
Magic:  20/26      EV: 15    Int: 27    God:    Makhleb [*****.]
Gold:   470        SH:  0    Dex: 10    Spells: 18/29 levels left

rFire    + . .     SeeInvis .   a - +9 short sword of Xamedy {venom, Int+4}
rCold    + . .     Gourm    .   (no shield)
rNeg     + + .     Faith    .   Q - +4 troll leather armour
rPois    ∞         Spirit   .   L - +2 hat
rElec    +         Reflect  .   r - scarf {rC+ rF+}
rCorr    .         Harm     .   M - +2 pair of gloves
MR       ++...                  b - +2 pair of boots
Stlth    ++++......             T - amulet "Qusk" {Acrobat rN+ MR+}
HPRegen  0.65/turn              g - +4 ring of evasion
MPRegen  0.20/turn              v - +5 ring of protection

@: flying
A: big wings, negative energy resistance 1, electricity resistance, unbreathing,
petrification resistance, rot immunity, AC +11
a: Stop Flying, Minor Destruction, Lesser Servant of Makhleb, Major Destruction,
Greater Servant of Makhleb, Renounce Religion


You were on level 15 of the Dungeon.
You worshipped Makhleb.
Makhleb was extremely pleased with you.
You were not hungry.

You visited 4 branches of the dungeon, and saw 19 of its levels.
You visited 1 bazaar.
You also visited: Gauntlet.

You collected 2013 gold pieces.
You spent 1543 gold pieces at shops.

Inventory:

Hand Weapons
 a - the +9 short sword of Xamedy (weapon) {venom, Int+4}
   (You found it on level 5 of the Dungeon)

   It poisons the flesh of those it strikes.
   It affects your intelligence (+4).
 I - the +9 quarterstaff of the Unstoppable Places {chaos, Str+3}
   (You bought it in a shop on level 6 of the Dungeon)

   Each time it hits an enemy it has a different, random effect.
   It affects your strength (+3).
 K - a +3 quarterstaff of protection
 N - a +1 whip of electrocution
 W - a +3 demon whip of freezing
Missiles
 y - 196 stones (quivered)
Armour
 b - a +2 pair of boots (worn)
 r - a scarf of resistance (worn)
 L - a +2 hat (worn)
 M - a +2 pair of gloves (worn)
 Q - a +4 troll leather armour (worn)
 V - a scarf of repulsion
Jewellery
 g - a +4 ring of evasion (left hand)
 u - an uncursed ring of fire
 v - a +5 ring of protection (right hand)
 z - an uncursed ring of protection from fire
 O - an uncursed ring of protection from magic
 S - an uncursed ring of resist corrosion
 T - the amulet "Qusk" (around neck) {Acrobat rN+ MR+}
   (You bought it in a shop in a bazaar)

   [amulet of the acrobat]

   It helps you evade while moving and waiting.
   It protects you from negative energy.
   It affects your resistance to hostile enchantments.
Wands
 c - a wand of iceblast (19)
 j - a wand of enslavement (8)
 o - a wand of disintegration (33)
 F - a wand of polymorph (7)
 P - a wand of random effects (22)
 R - a wand of clouds (3)
Scrolls
 e - a scroll of teleportation
 h - a scroll of fear
 n - 3 scrolls of immolation
 q - a scroll of amnesia
 x - 5 scrolls of remove curse
 A - 4 scrolls of brand weapon
 B - 10 scrolls of identify
 E - a scroll of blinking
Potions
 f - 4 potions of brilliance
 i - a potion of berserk rage
 k - 2 potions of flight
 l - 6 potions of lignification
 m - 2 potions of agility
 p - a potion of experience {unknown}
 s - 3 potions of heal wounds
 t - a potion of haste
 w - 2 potions of invisibility
 C - 2 potions of ambrosia
 D - 6 potions of curing
 H - a potion of might
 J - a potion of magic
Comestibles
 d - 17 rations


   Skills:
 - Level 11.5 Fighting
 - Level 8.0 Staves
 - Level 1.5 Dodging
 - Level 11.0 Stealth
 + Level 7.9 Spellcasting
 - Level 3.1 Conjurations
   Level 0.7 Transmutations
 - Level 15.2 Earth Magic
 - Level 15.7 Invocations
 - Level 6.8 Evocations


You had 18 spell levels left.
You knew the following spells:

 Your Spells              Type           Power        Failure   Level  Hunger
a - Sandblast             Erth           ######       0%          1    None
b - Stone Arrow           Conj/Erth      ######       1%          3    None
c - Lee's Rapid Deconstr  Erth           #######...   1%          5    ####...
d - Animate Skeleton      Necr           N/A          7%          1    None
e - Apportation           Tloc           ##....       7%          1    None

Your spell library contained the following spells:

 Spells                   Type           Power        Failure   Level  Hunger
 Passwall                 Tmut/Erth      ######..     1%          2    None
 Petrify                  Tmut/Erth      ######..     2%          4    ##.....
 Shock                    Conj/Air       ###.         3%          1    None
 Sting                    Conj/Pois      ###.         3%          1    None
 Leda's Liquefaction      Hex/Erth       ######....   3%          4    ##.....
 Confusing Touch          Hex            ##....       7%          1    None
 Corona                   Hex            ##.....      7%          1    None
 Summon Small Mammal      Summ           ##..         7%          1    None
 Poisonous Vapours        Pois/Air       ##....       11%         2    None
 Slow                     Hex            ##......     11%         2    None
 Swiftness                Chrm/Air       ##......     11%         2    None
 Static Discharge         Conj/Air       ###.....     11%         3    None
 Mephitic Cloud           Conj/Pois/Air  ###.....     14%         3    None
 Inner Flame              Hex/Fire       ##......     22%         3    None
 Portal Projectile        Hex/Tloc       ##....       22%         3    None
 Airstrike                Air            ##........   56%         4    ##.....
 Cause Fear               Hex            ##........   56%         4    ##.....
 Olgreb's Toxic Radiance  Pois           ##......     56%         4    ##.....
 Lightning Bolt           Conj/Air       ###.......   71%         5    ####...
 Venom Bolt               Conj/Pois      ###.......   71%         5    ####...
 Yara's Violent Unravell  Hex/Tmut       ##........   86%         5    ####...
 Silence                  Hex/Air        ##........   89%         5    ####...
 Poison Arrow             Conj/Pois      ###.......   99%         6    ######.
 Deflect Missiles         Chrm/Air       ##........   100%        6    ######.
 Chain Lightning          Conj/Air       ###.......   100%        8    #######
 Discord                  Hex            ##........   100%        8    #######
 Lehudib's Crystal Spear  Conj/Erth      ######....   100%        8    #######
 Fire Storm               Conj/Fire      ###.......   100%        9    #######
 Glaciate                 Conj/Ice       ###.......   100%        9    #######


Dungeon Overview and Level Annotations

Branches:
Dungeon (15/15)            Temple (1/1) D:7            Lair (0/6) D:10
    Orc (2/2) D:10            Elf (0/3) Orc:2        Vaults (0/5) D:13
 Depths (1/5) D:15

Altars:
Ashenzari
Cheibriados
Dithmenos
Elyvilon
Fedhas
Gozag
Hepliaklqana
Kikubaaqudgha
Makhleb
Nemelex Xobeh
Okawaru
Qazlal
Ru
Sif Muna
Trog
Uskayaw
Vehumet
Wu Jian
Xom
Yredelemnul
Zin
The Shining One
Beogh

Shops:
D:5 *   D:6 (   D:11 [   D:12 (   D:14 ?   Orc:1 :   Orc:2 [(!:

Portals:
Trove: D:11 (show slimy rune of Zot)

Annotations:
D:5 2 runed translucent doors, bmj180's ghost, novice GrEE
Orc:2 3 runed translucent doors, havocjr2's ghost, journeyman GnGl


Innate Abilities, Weirdness & Mutations

You are resistant to torment.
Your stone body is resilient. (AC +11)
You are immune to poison.
Your large and strong wings let you fly indefinitely.
You resist negative energy. (rN+)
You are resistant to electric shocks. (rElec)
You can survive without breathing.
You are immune to petrification.
You are immune to rotting.


Message History

The stone arrow hits the great orb of eyes.
The great orb of eyes is lightly wounded.
The great orb of eyes bites you but does no damage.
Casting: Stone Arrow (safe; 1% risk of failure)
Confirm with . or Enter, or press ? or * to list all spells.
Aiming: Stone Arrow (safe; 1% risk of failure)
Press: ? - help, Shift-Dir - straight line The stone arrow hits the great orb of eyes!!
The great orb of eyes is moderately wounded.
The frost giant hits you with a +2 battleaxe of freezing!!
The frost giant freezes you.
The frost giant hits your blizzard demon with a +2 battleaxe of freezing!
The great orb of eyes completely misses you.
A demon appears!
Your blizzard demon hits the frost giant!
Your blizzard demon hits the frost giant but does no damage.
The frost giant hits you with a +2 battleaxe of freezing!!
* * * LOW HITPOINT WARNING * * *
The frost giant freezes you.
You die...

..........# #####..##############
..........###....................
..............§§)§§§.............
..........)..≈§§§.≈§≈≈...####....
########.....≈#≈§§.§#§...# #....
#.....≈≈≈≈.§§≈§§..# #....
#.....≈≈...§§§≈§..# #....
#.....#§..>2.≈#...# #....
########.....≈≈÷@G[.≈≈...# #....
.............≈§§§C2≈§§...# #....
.............§#§§§≈≈#≈...# #....
#####..####..≈≈§≈#§≈≈≈...####....
#..# #...................... #..#
#...................... #..#
#..####..............## #..# #..#
#..............# #..# #..#
#..............#


You could see a frost giant, a great orb of eyes, a friendly green death and a
friendly blizzard demon.

Vanquished Creatures
  A lich (Depths:1)
  A frost giant (Depths:1)
  A fire giant (D:15)
  An ironheart preserver (D:13)
  2 stone giants (Depths:1)
  12 very ugly things
  A minotaur (Gauntlet)
  A fire dragon (Depths:1)
  2 hydras
  A great orb of eyes (Depths:1)
  Erolcha (Orc:1)
  3 centaur warriors
  3 ogre magi
  11 two-headed ogres
  A vampire mage (D:15)
  2 tengu warriors
  Nergalle (Orc:2)
  A fire crab (Gauntlet)
  A wizard (Depths:1)
  2 deep elf magi
  2 tengu zombies (Depths:1)
  Pikel (D:9)
  2 necromancers
  2 cyclopes
  4 manticores
  An orc knight (Orc:2)
  2 stone giant zombies (Depths:1)
  8 orc sorcerers (Orc:2)
  17 ugly things
  A spiny frog (shapeshifter) (D:15)
  A gargoyle (D:13)
  3 centaur skeletons
  10 kobold demonologists
  A yaktaur (D:15)
  A freezing wraith (D:15)
  An ice devil (Gauntlet)
  A tengu conjurer (Depths:1)
  6 meliai (D:14)
  A yaktaur skeleton (Depths:1)
  A jumping spider (shapeshifter) (D:15)
  A queen bee (Gauntlet)
  7 trolls
  Prince Ribbit (D:6)
  6 hippogriffs
  12 slime creatures
  5 shadows
  2 wraiths
  Sigmund (D:4)
  A vampire (D:15)
  5 wyverns
  15 yaks
  A hungry ghost (D:9)
  3 fire bats (Gauntlet)
  7 vampire mosquitoes
  A warg (Orc:1)
  Menkaure (D:6)
  An acid dragon (D:14)
  Duvessa (D:7)
  3 sky beasts
  An eye of draining (D:10)
  4 ice beasts
  A black bear (D:12)
  A hornet zombie (D:15)
  17 ogres
  17 orc warriors
  2 necrophages
  17 centaurs
  A phantom (D:4)
  13 boggarts
  A crocodile (D:13)
  6 big kobolds
  12 bullfrogs
  Dowan (D:7)
  7 scorpions
  A wyvern skeleton (D:14)
  6 killer bees (Gauntlet)
  3 wights (D:12)
  12 crimson imps
  A bullfrog zombie (D:6)
  3 centaur zombies
  A wyvern simulacrum (D:14)
  8 hounds
  7 jellies
  14 orc priests
  3 bullfrog skeletons
  8 iguanas
  40 orc wizards
  Natasha (thrice) (D:3)
  13 worker ants
  A hound skeleton (D:7)
  7 gnolls
  12 adders
  6 shadow imps
  14 white imps
  An ooze (D:2)
  An adder zombie (D:6)
  4 adder skeletons
  A worm (D:2)
  2 dart slugs
  6 leopard geckos
  114 orcs
  8 bats
  3 giant cockroaches
  14 goblins
  5 hobgoblins
  17 jackals
  5 quokkas
  A ball python (D:5)
  8 frilled lizards
  A jackal skeleton (D:4)
  20 kobolds
  A leopard gecko zombie (D:6)
  2 quokka skeletons
  5 rats
672 creatures vanquished.

Vanquished Creatures (collateral kills)
  An ugly thing (Depths:1)
  An orc warrior (Orc:1)
  3 orcs (Orc:1)
5 creatures vanquished.

Vanquished Creatures (others)
  A slave (D:9)
  An orc wizard (Orc:2)
  An orc (D:9)
  3 fungi
  13 plants (Gauntlet)
19 creatures vanquished.

Grand Total: 696 creatures vanquished

Notes
Turn   | Place    | Note
-------+----------+-------------------------------------------
     0 | D:1      | t4s4d4r the Gargoyle Earth Elementalist began the quest for
                  | the Orb.
     0 | D:1      | Reached XP level 1. HP: 10/10 MP: 3/3
     3 | D:1      | Noticed a naga
     5 | D:1      | Noticed an elf
     5 | D:1      | Noticed a spriggan
     7 | D:1      | Noticed a gargoyle
     7 | D:1      | Noticed a ghoul
     9 | D:1      | Noticed a formicid
     9 | D:1      | Noticed a demonspawn
    11 | D:1      | Noticed an octopode
    11 | D:1      | Noticed a halfling
    13 | D:1      | Noticed a tengu
    13 | D:1      | Noticed a merfolk
    15 | D:1      | Noticed a vampire
    17 | D:1      | Noticed a demigod
    19 | D:1      | Noticed a dwarf
    19 | D:1      | Noticed a troll
    21 | D:1      | Noticed a felid
    21 | D:1      | Noticed an ogre
    23 | D:1      | Noticed a centaur
    23 | D:1      | Noticed a vine stalker
    25 | D:1      | Noticed a human
    27 | D:1      | Noticed a minotaur
    27 | D:1      | Noticed a draconian
   197 | D:1      | Reached XP level 2. HP: 8/15 MP: 0/5
   939 | D:1      | Reached XP level 3. HP: 19/19 MP: 2/7
   947 | D:1      | Learned a level 3 spell: Stone Arrow
  1784 | D:2      | Reached skill level 5 in Earth Magic
  1784 | D:2      | Reached XP level 4. HP: 19/24 MP: 6/8
  2213 | D:2      | Reached XP level 5. HP: 24/28 MP: 5/9
  2423 | D:3      | Noticed Natasha
  2430 | D:3      | Killed Natasha
  2430 | D:3      | Reached skill level 1 in Conjurations
  2473 | D:3      | Noticed a centaur
  2480 | D:3      | Killed a centaur
  2480 | D:3      | Reached XP level 6. HP: 27/32 MP: 5/10
  2847 | D:3      | Noticed Natasha
  2851 | D:3      | Killed Natasha
  2862 | D:3      | Learned a level 5 spell: Lee's Rapid Deconstruction
  2947 | D:3      | Noticed Natasha
  2949 | D:3      | Killed Natasha
  2949 | D:3      | Reached skill level 1 in Fighting
  3156 | D:4      | Reached XP level 7. HP: 40/40 MP: 11/11
  3160 | D:4      | Noticed Sigmund
  3166 | D:4      | Killed Sigmund
  4079 | D:5      | Entered Level 5 of the Dungeon
  4113 | D:5      | Found a runed translucent door.
  4164 | D:5      | Reached XP level 8. HP: 40/48 MP: 9/13
  4219 | D:5      | Found a runed translucent door.
  4224 | D:5      | Noticed bmj180's ghost (novice GrEE)
  4245 | D:5      | Found a shimmering altar of Xom.
  4583 | D:5      | Found Iplocroy's Assorted Antiques.
  4592 | D:5      | Bought a scroll of identify for 42 gold pieces
  4592 | D:5      | Bought a jewelled glass wand for 84 gold pieces
  4592 | D:5      | Bought a curved wooden wand for 84 gold pieces
  4934 | D:6      | Noticed Prince Ribbit
  4951 | D:6      | Killed Prince Ribbit
  5114 | D:6      | Found a hazy altar of Hepliaklqana.
  5408 | D:6      | Reached XP level 9. HP: 52/52 MP: 15/15
  5446 | D:6      | Reached skill level 10 in Earth Magic
  5487 | D:6      | Reached skill level 5 in Spellcasting
  5732 | D:6      | Noticed Menkaure
  5736 | D:6      | Killed Menkaure
  5784 | D:6      | Found an iron altar of Okawaru.
  5784 | D:6      | Found a sacrificial altar of Ru.
  5790 | D:6      | Found a shadowy altar of Dithmenos.
  5792 | D:6      | Found a snail-covered altar of Cheibriados.
  5793 | D:6      | Found a hide-covered altar of Uskayaw.
  5908 | D:6      | Found Bonud's Antique Weapon Boutique.
  6144 | D:7      | Reached skill level 1 in Staves
  6186 | D:7      | Noticed Dowan
  6187 | D:7      | Noticed Duvessa
  6649 | D:7      | Killed Duvessa
  6651 | D:7      | Killed Dowan
  6767 | D:7      | Reached skill level 5 in Staves
  6839 | D:7      | Found a staircase to the Ecumenical Temple.
  7208 | Temple   | Entered the Ecumenical Temple
  7448 | Temple   | Became a worshipper of Makhleb the Destroyer
  7517 | D:7      | Found a shattered altar of Ashenzari.
  7584 | D:8      | Reached XP level 10. HP: 58/58 MP: 8/18
  7830 | D:8      | Identified the cursed +2 trident of the Moon {flame, MR+}
  8119 | D:8      | Found an ancient bone altar of Kikubaaqudgha.
  8273 | D:8      | Reached * piety under Makhleb
  8480 | D:5      | Got a twisted short sword
  8481 | D:5      | Identified the +9 short sword of Xamedy {venom, Int+4} (You
                  | found it on level 5 of the Dungeon)
  8683 | D:9      | Found a white marble altar of Elyvilon.
  8736 | D:9      | Reached skill level 5 in Fighting
  8865 | D:9      | Noticed Pikel
  8870 | D:9      | Killed Pikel
  8930 | D:9      | Noticed a two-headed ogre
  8936 | D:9      | Killed a two-headed ogre
  9153 | D:9      | Noticed a two-headed ogre
  9159 | D:9      | Killed a two-headed ogre
  9159 | D:9      | Reached XP level 11. HP: 68/68 MP: 11/20
  9501 | D:9      | Found an opulent altar of Gozag.
  9636 | D:10     | Entered Level 10 of the Dungeon
  9749 | D:6      | Bought a transparent quarterstaff for 279 gold pieces
  9751 | D:6      | Identified the +9 quarterstaff of the Unstoppable Places
                  | {chaos, Str+3} (You bought it in a shop on level 6 of the
                  | Dungeon)
 10000 | D:10     | Reached ** piety under Makhleb
 10649 | D:10     | Found a staircase to the Orcish Mines.
 10771 | D:10     | Learned a level 1 spell: Animate Skeleton
 10773 | D:10     | Learned a level 1 spell: Apportation
 10902 | D:10     | Found a staircase to the Lair.
 10932 | D:10     | Reached *** piety under Makhleb
 11235 | D:11     | Noticed a white ugly thing
 11236 | D:11     | Noticed a brown ugly thing
 11262 | D:11     | Killed a white ugly thing
 11461 | D:11     | Found the +2 shield of Resistance {rF+ rC+ MR+}
 11461 | D:11     | Found the +3 robe of Clouds {+Thunder rCloud rElec}
 11766 | D:11     | Noticed a manticore
 11865 | D:11     | Found Zeixett's Antique Armour Shoppe.
 11869 | D:11     | Reached skill level 1 in Invocations
 11886 | D:11     | Bought a slimy robe for 148 gold pieces
 11896 | D:11     | Identified the cursed +1 robe "Mueseomioz" {+Inv} (You
                  | bought it in a shop on level 11 of the Dungeon)
 12038 | D:11     | Killed a brown ugly thing
 12116 | D:11     | Found a portal to a secret trove of treasure.
 12166 | D:11     | Killed a manticore
 12338 | D:11     | Reached skill level 5 in Invocations
 12532 | D:12     | Reached **** piety under Makhleb
 12634 | D:12     | Found Seimer's Antique Weapon Shop.
 12748 | D:12     | Reached XP level 12. HP: 73/73 MP: 22/22
 12819 | D:12     | Noticed a two-headed ogre
 12827 | D:12     | Killed a two-headed ogre
 13657 | D:13     | Noticed a two-headed ogre
 13663 | D:13     | Killed a two-headed ogre
 13928 | D:13     | Found a gate to the Vaults.
 13928 | D:13     | Noticed an ironheart preserver
 13928 | D:13     | Noticed a seven-headed hydra
 14379 | D:13     | Killed an ironheart preserver
 14530 | D:13     | Noticed a two-headed ogre
 14585 | D:13     | Reached ***** piety under Makhleb
 14700 | D:13     | Killed a seven-headed hydra
 14739 | D:13     | Noticed a two-headed ogre
 15127 | D:13     | Killed a two-headed ogre
 15162 | D:13     | Reached XP level 13. HP: 82/82 MP: 10/23
 15192 | D:13     | Reached skill level 10 in Fighting
 15192 | D:13     | Reached skill level 10 in Invocations
 15825 | D:14     | Found Merag's Magic Scroll Emporium.
 16043 | D:14     | Found a gate leading to a gauntlet.
 16071 | Gauntlet | Entered a Gauntlet
 16071 | Gauntlet | Found a transporter.
 16071 | Gauntlet | Found a transporter.
 16081 | Gauntlet | Found a transporter.
 16081 | Gauntlet | Found a transporter.
 16084 | Gauntlet | Found a transporter.
 16094 | Gauntlet | Found a transporter.
 16114 | Gauntlet | Found a transporter.
 16119 | Gauntlet | Found a transporter.
 16166 | Gauntlet | Found a transporter.
 16178 | Gauntlet | Found a transporter.
 16191 | Gauntlet | Found a transporter.
 16205 | Gauntlet | Found a transporter.
 16648 | Gauntlet | Noticed a minotaur
 16657 | Gauntlet | Killed a minotaur
 17050 | D:14     | Reached skill level 15 in Earth Magic
 18151 | D:14     | Found a burning altar of Makhleb.
 18151 | D:14     | Noticed a blizzard demon
 18273 | D:15     | Entered Level 15 of the Dungeon
 18609 | D:15     | Found a staircase to the Depths.
 18609 | D:15     | Noticed a fire giant
 18618 | D:15     | Identified a scroll of acquirement
 18651 | D:15     | Gained mutation: Your large and strong wings let you fly
                  | indefinitely. [Gargoyle growth]
 18651 | D:15     | Reached XP level 14. HP: 89/90 MP: 6/24
 18751 | D:15     | Killed a fire giant
 18751 | D:15     | Reached skill level 5 in Evocations
 19006 | D:15     | Reached ****** piety under Makhleb
 20893 | Orc:1    | Entered Level 1 of the Orcish Mines
 20908 | Orc:1    | Found Duxteer's Book Boutique.
 21207 | Orc:2    | Entered Level 2 of the Orcish Mines
 21207 | Orc:2    | Found a flickering gateway to a bazaar.
 21219 | Bazaar   | Entered a bazaar
 21238 | Bazaar   | Found Gesog's Jewellery Emporium.
 21292 | Bazaar   | Found Quwn's Antique Weapon Shoppe.
 21316 | Bazaar   | Found Jaubrean's Book Emporium.
 21336 | Bazaar   | Found Feenkek's Jewellery Shoppe.
 21377 | Bazaar   | Found Ximu's Jewellery Shoppe.
 21391 | Bazaar   | Bought the amulet "Qusk" {Acrobat rN+ MR+} for 374 gold
                  | pieces
 21422 | Bazaar   | Bought a runed demon whip for 324 gold pieces
 21696 | Orc:1    | Noticed Erolcha
 21865 | Orc:1    | Killed Erolcha
 22127 | Orc:2    | Found a runed translucent gate.
 22127 | Orc:2    | Found a runed translucent gate.
 22128 | Orc:2    | Found a runed translucent gate.
 22131 | Orc:2    | Noticed havocjr2's ghost (journeyman GnGl)
 22138 | Orc:2    | Found an iron altar of Okawaru.
 22197 | Orc:2    | Reached skill level 10 in Stealth
 22485 | Orc:2    | Found a staircase to the Elven Halls.
 22990 | Orc:2    | Found Zuidiunt's Antique Armour Emporium.
 23160 | Orc:2    | Found a radiant altar of Vehumet.
 23247 | Orc:2    | Found Hapn's Antique Weapon Emporium.
 23259 | Orc:2    | Noticed Nergalle
 23262 | Orc:2    | Found an ancient bone altar of Kikubaaqudgha.
 23284 | Orc:2    | Killed Nergalle
 23445 | Orc:2    | Found a roughly hewn altar of Beogh.
 23445 | Orc:2    | Found Wimin's Distillery.
 23550 | Orc:2    | Bought a potion of heal wounds for 80 gold pieces
 23550 | Orc:2    | Bought a potion of magic for 128 gold pieces
 23556 | Orc:2    | Found Vusmu's Book Shoppe.
 24081 | Depths:1 | Entered Level 1 of the Depths
 24081 | Depths:1 | Noticed a cyan very ugly thing
 24081 | Depths:1 | Noticed a cyan very ugly thing
 24081 | Depths:1 | Noticed a cyan very ugly thing
 24081 | Depths:1 | Noticed a white very ugly thing
 24081 | Depths:1 | Noticed a white very ugly thing
 24081 | Depths:1 | Noticed a white very ugly thing
 24081 | Depths:1 | Noticed a white very ugly thing
 24081 | Depths:1 | Noticed a white very ugly thing
 24157 | D:15     | Killed a brown very ugly thing
 24255 | D:15     | Killed a brown very ugly thing
 24255 | D:15     | Reached XP level 15. HP: 95/95 MP: 2/25
 27015 | Depths:1 | Noticed a lich
 27032 | Depths:1 | Paralysed by a wizard for 4 turns
 27039 | Depths:1 | Noticed a balrug
 27250 | Depths:1 | Killed a lich
 27250 | Depths:1 | Reached skill level 15 in Invocations
 27613 | Depths:1 | Noticed a frost giant
 27622 | Depths:1 | Killed a frost giant
 27717 | Depths:1 | Noticed a frost giant
 28279 | D:15     | HP: 4/95 [frost giant/+2 battleaxe of freezing (28)]
 28279 | D:15     | Slain by a frost giant

Skill      XL: |  1  2  3  4  5  6  7  8  9 10 11 12 13 14 15 |
---------------+----------------------------------------------+-----
Spellcasting   | 3 4 5 6 7 |  7.9
Earth Magic    | 4 5 6 7 8 9 11 12 14 15 | 15.2
Conjurations   | 2 3 |  3.1
Fighting       | 2 4 8 9 11 | 11.5
Evocations     | 3 4 6 |  6.8
Staves         | 5 8 |  8.0
Stealth        | 6 9 11 | 11.0
Invocations    | 6 9 11 12 15 | 15.7
Dodging        | |  1.5
Transmutations | |  0.7

Action                   |  1- 3 |  4- 6 |  7- 9 | 10-12 | 13-15 || total
-------------------------+-------+-------+-------+-------+-------++-------
Melee: Unarmed           |     5 |       |       |       |       ||     5
       Club              |    96 |       |       |       |       ||    96
       Short sword       |    38 |    85 |   219 |   607 |   781 ||  1730
       Quarterstaff      |       |       |       |    61 |       ||    61
       Demon whip        |       |       |       |       |     4 ||     4
Throw: Stone             |       |       |       |     1 |     3 ||     4
 Cast: Sandblast         |    18 |    29 |    73 |    39 |   100 ||   259
       Stone Arrow       |       |       |    10 |   112 |   231 ||   353
       Lee's Rapid Decon |       |       |     3 |    22 |    91 ||   116
Invok: Major Destruction |       |       |       |       |     7 ||     7
       Greater Servant o |       |       |       |       |     6 ||     6
       Minor Destruction |       |       |       |       |     1 ||     1
       Lesser Servant of |       |       |       |       |     1 ||     1
 Abil: Fly               |       |       |       |       |     1 ||     1
Evoke: Wand              |       |       |     2 |     1 |     4 ||     7
  Use: Scroll            |       |     4 |    10 |    14 |    12 ||    40
       Potion            |       |       |       |       |     1 ||     1
 Stab: Sleeping          |     4 |     1 |     4 |    13 |     4 ||    26
       Distracted        |       |     1 |     1 |       |     1 ||     3
       Petrifying        |       |       |       |     1 |       ||     1
  Eat: Chunk             |     3 |     4 |    14 |    28 |    26 ||    75
       Ration            |       |       |       |     1 |    11 ||    12
Armor: Robe              |    60 |    26 |    86 |   147 |       ||   319
       Troll leather arm |       |       |       |   159 |   641 ||   800
Dodge: Dodged            |   136 |    64 |   229 |   602 |   788 ||  1819
